 Dungeon Crawl Stone Soup version 0.29.1-15-g9cfb28693d (webtiles) character file.

Game seed: 7322921644250521023

13640 Erymatos the Severer (level 11, -2/104 HPs)
             Began as a Minotaur Berserker on May 2, 2023.
             Was a High Priest of Trog.
             Slain by a scorpion (3 damage)
             ... summoned by Amaemon
             ... on level 1 of the Lair of Beasts.
             The game lasted 00:17:36 (12671 turns).

Erymatos the Severer (Minotaur Berserker)          Turns: 12671, Time: 00:17:37

Health: -2/104     AC: 11    Str: 26    XL:     11   Next: 78%
Magic:  0/10       EV:  8    Int:  4    God:    Trog [*****.]
Gold:   608        SH: 26    Dex: 10    Spells: 10/10 levels left

rFire   . . .      SeeInvis .   F - +3 war axe (freeze)
rCold   . . .      Faith    .   M - +18 shield of the Gong {rElec rN+ Will+ EV-5}
rNeg    + . .      Spirit   .   E - +0 steam dragon scales
rPois   .          Reflect  .   O - +2 hat
rElec   +          Harm     .   x - +2 cloak
rCorr   .          Rampage  .   N - +0 pair of gloves {infuse}
Will    +....                   (no boots)
Stlth   +.........              (no amulet)
HPRegen 0.27/turn               (no ring)
MPRegen 0.12/turn               (no ring)

@: lethally poisoned (-2 -> -31), about to teleport, on berserk cooldown,
slowed, very slow
A: horns 2, retaliatory headbutt
a: Renounce Religion, Berserk, Trog's Hand, Brothers in Arms


You were on level 1 of the Lair of Beasts.
You worshipped Trog.
Trog was extremely pleased with you.
You visited 2 branches of the dungeon, and saw 12 of its levels.

You collected 758 gold pieces.
You spent 150 gold pieces at shops.

Inventory:

Hand Weapons
 F - a +3 war axe of freezing (weapon)
Missiles
 A - 2 throwing nets (quivered)
Armour
 x - a +2 cloak (worn)
 E - +0 steam dragon scales (worn)
 H - +0 acid dragon scales
 K - a +0 ring mail of poison resistance
 M - the +18 shield of the Gong (worn) {rElec rN+ Will+ EV-5}
   (You found it on level 9 of the Dungeon)

   It is deafeningly noisy when blocking attacks.
   EV:        It affects your evasion (-5).
   rElec:     It insulates you from electricity.
   rN:        It protects you from negative energy.
   Will:      It increases your willpower.
 N - a +0 pair of gloves of infusion (worn)
 O - a +2 hat (worn)
Jewellery
 G - a ring of fire
Wands
 a - a wand of roots (7)
 o - a wand of flame (18)
 y - a wand of acid (1)
 P - a wand of paralysis (4)
 Q - a wand of polymorph (3)
Scrolls
 e - 2 scrolls of fear
 h - 3 scrolls of magic mapping
 i - a scroll of amnesia
 j - 6 scrolls of vulnerability
 k - 8 scrolls of poison
 l - 7 scrolls of teleportation
 m - a scroll of enchant armour
 q - 2 scrolls of fog
 u - 2 scrolls of noise
 z - 2 scrolls of immolation {unknown}
 I - 4 scrolls of identify
 J - a scroll of summoning {unknown}
 L - a scroll of blinking {unknown}
Potions
 b - 3 potions of resistance {unknown}
 c - a potion of brilliance {unknown}
 d - 4 potions of berserk rage {unknown}
 f - a potion of invisibility
 g - 3 potions of mutation {unknown}
 n - 3 potions of heal wounds {unknown}
 p - 2 potions of lignification {unknown}
 r - a potion of degeneration {unknown}
 s - a potion of ambrosia {unknown}
 t - 6 potions of curing {unknown}
 v - 2 potions of haste {unknown}
 w - a potion of magic {unknown}
 B - 2 potions of flight {unknown}
 C - a potion of experience {unknown}
 D - a potion of attraction {unknown}


   Skills:
 + Level 11.7 Fighting
 + Level 16.3 Axes
 + Level 3.1 Armour
 + Level 9.7 Dodging
 * Level 4.7 Shields


You had 10 spell levels left.
You didn't know any spells.
Your spell library was empty.

Dungeon Overview and Level Annotations

Branches:
Dungeon (11/15)            Temple (0/1) D:6            Lair (1/5) D:11
    Orc: D:9-12

Altars:
Ashenzari
Cheibriados
Nemelex Xobeh
Okawaru
Ru
Sif Muna
Trog
Vehumet
Yredelemnul
Zin
The Shining One

Shops:
D:4 =   D:10 [[

Annotations:
D:10 1 transporter
Lair:1 Amaemon


Innate Abilities, Weirdness & Mutations

You have a pair of horns on your head.
You reflexively headbutt those who attack you in melee.


Message History

The orange demon stings you but does no damage.
Amaemon casts a spell.
The scorpion barely misses you. You furiously retaliate!
You headbutt the scorpion!
You kill the scorpion!
The scorpion's corpse disappears in a puff of smoke!
The scorpion stings you but does no damage.
You block the scorpion's attack.
PANG!
The black bear bites you.
* * * LOW HITPOINT WARNING * * *
The black bear closely misses you.
The black bear claws you but does no damage.
The orange demon stings you but does no damage.
Amaemon hits you but does no damage.
You are more poisoned.
Amaemon claws you.
* * * LOW HITPOINT WARNING * * *
You block Amaemon's attack.
PTOANNNG!
You hear a bellow!
You hear a croak.
You hear a howl!
You hear a bellow! x2
Unknown command.
Amaemon attacks as you move away! You block Amaemon's attack.
GONNNNG!
You block Amaemon's attack.
PTOANNNG!
Amaemon tail-slaps you.
* * * LOW HITPOINT WARNING * * *
The black bear attacks as you move away!
You block the black bear's attack.
PTOANNNG!
The black bear claws you but does no damage. x2
A water moccasin comes into view.
* * * LOW HITPOINT WARNING * * *
You feel extremely sick.
The water moccasin hisses angrily.
You hear an angry growl.
You block the scorpion's attack.
BOUMMMMG!
The scorpion stings you.
You die...

....... .......
.###
.......###.#.###
.........P......
...............
.$.....P#.#.P###
.......sh......# #
.....46s§......#..
......†s@.........
.P...##.s......#
.#.....<.......#
#...P#....[..$#
#...##P.###.#....
#... ##S. ......
.... P..P #P...
.#. ...$.. ....
......©. ...


You could see Amaemon, an orange demon (curare), a water moccasin, a black bear
and 4 scorpions.

Vanquished Creatures
  Gastronok (Lair:1)
  A two-headed ogre (D:8)
  Pikel (D:6)
  The ghost of AuftragZ the Thaumaturge, a novice DECj of Makhleb (D:7)
  5 elephants
  2 vault sentinels (D:9)
  A cane toad (Lair:1)
  Maggie (D:7)
  An unseen horror (D:11)
  An unseen horror zombie (D:9)
  Psyche (D:10)
  Grinder (D:3)
  Sigmund (D:6)
  2 wyverns
  2 wraiths (D:11)
  4 steam dragons
  2 basilisks (D:11)
  4 yaks (D:10)
  Eustachio (D:4)
  A water moccasin (D:8)
  2 acid dragons
  Pargi (D:4)
  A sky beast (D:6)
  A black bear (D:5)
  3 orc warriors
  2 ogres
  6 centaurs
  4 wolves (Lair:1)
  4 lemures (D:6)
  A phantom (D:3)
  4 kobold brigands
  Blork the orc (D:4)
  3 bullfrogs
  4 scorpions
  A wyvern zombie (D:9)
  A gnoll sergeant (D:9)
  A necrophage (D:8)
  10 wights
  4 howler monkeys
  3 centaur zombies (D:9)
  3 hounds
  3 jellies
  Crazy Yiuf (D:6)
  10 orc priests
  An iguana (D:5)
  14 orc wizards
  5 howler monkey zombies (D:9)
  11 gnolls
  12 adders
  A shadow imp (D:8)
  2 white imps
  2 ufetubi (D:5)
  5 worms
  A dart slug (D:4)
  49 orcs
  5 ball pythons
  9 endoplasms
  8 goblins
  6 hobgoblins
  2 jackals (D:4)
  7 quokkas
  5 bats
  5 frilled lizards
  20 kobolds
  5 rats
283 creatures vanquished.

Vanquished Creatures (collateral kills)
  A vampire (D:7)
1 creature vanquished.

Vanquished Creatures (others)
  A fungus (D:11)
  38 plants
39 creatures vanquished.

Grand Total: 323 creatures vanquished

Notes
Turn   | Place    | Note
-------+----------+-------------------------------------------
     0 | D:1      | Erymatos the Minotaur Berserker began the quest for the
                  | Orb.
     0 | D:1      | Reached XP level 1. HP: 19/19 MP: 0/0
   355 | D:1      | Reached skill level 4 in Axes
   355 | D:1      | Reached XP level 2. HP: 26/27 MP: 1/1
  1198 | D:2      | Reached XP level 3. HP: 33/33 MP: 2/2
  1294 | D:2      | Reached ** piety under Trog
  1742 | D:2      | You fall into a shaft and drop 2 floors!
  1746 | D:4      | Noticed Blork the orc
  1754 | D:4      | Killed Blork the orc
  1755 | D:4      | Reached skill level 5 in Axes
  1755 | D:4      | Reached XP level 4. HP: 41/41 MP: 3/3
  1858 | D:3      | Noticed Grinder
  1858 | D:3      | Paralysed by Grinder for 3 turns
  1864 | D:3      | Paralysed by Grinder for 5 turns
  1874 | D:3      | Killed Grinder
  1875 | D:3      | Reached skill level 5 in Fighting
  1875 | D:3      | Reached skill level 6 in Axes
  1875 | D:3      | Reached XP level 5. HP: 16/48 MP: 4/4
  1875 | D:3      | Reached XP level 6. HP: 19/56 MP: 5/5
  2152 | D:3      | Found a glowing golden altar of the Shining One.
  2481 | D:3      | Found a broken altar of Ashenzari.
  2502 | D:3      | Reached skill level 7 in Axes
  3037 | D:3      | Reached XP level 7. HP: 60/62 MP: 6/6
  3726 | D:4      | Found an iron altar of Okawaru.
  3759 | D:4      | Found a glowing silver altar of Zin.
  3759 | D:4      | Noticed an angel
  3922 | D:4      | Reached *** piety under Trog
  3932 | D:4      | Noticed Eustachio
  3941 | D:4      | Killed Eustachio
  3942 | D:4      | Reached skill level 8 in Axes
  4280 | D:4      | Found a snail-covered altar of Cheibriados.
  4348 | D:4      | Found Amir's Jewellery Emporium.
  4479 | D:4      | Noticed Pargi
  4491 | D:4      | Killed Pargi
  4492 | D:4      | Reached skill level 9 in Axes
  4492 | D:4      | Reached XP level 8. HP: 37/71 MP: 7/7
  4971 | D:5      | Entered Level 5 of the Dungeon
  5425 | D:5      | Reached skill level 5 in Dodging
  5691 | D:5      | Found a glowing drain.
  5925 | D:5      | Reached skill level 10 in Axes
  5932 | D:5      | Identified the +2 hand axe "Secw" {freeze, Will+ Str+2
                  | Dex+3}
  6623 | D:6      | Reached XP level 9. HP: 39/80 MP: 8/8
  6627 | D:6      | Reached skill level 11 in Axes
  6882 | D:6      | Noticed Pikel
  6892 | D:6      | Killed Pikel
  6974 | D:6      | Reached **** piety under Trog
  7005 | D:6      | Found a staircase to the Ecumenical Temple.
  7024 | D:6      | Noticed Sigmund
  7026 | D:6      | Killed Sigmund
  7027 | D:6      | Reached skill level 12 in Axes
  7340 | D:6      | Found a runed translucent door.
  7341 | D:6      | Noticed Crazy Yiuf
  7457 | D:6      | Killed Crazy Yiuf
  7523 | D:7      | Noticed Maggie
  7528 | D:7      | Killed Maggie
  7673 | D:7      | Found a runed translucent gate.
  7675 | D:7      | Found a runed translucent gate.
  7675 | D:7      | Found a runed translucent gate.
  7677 | D:7      | Noticed AuftragZ's ghost (novice DECj)
  8191 | D:7      | Found a bloodstained altar of Trog.
  8286 | D:7      | Reached skill level 13 in Axes
  8330 | D:7      | Killed AuftragZ's ghost
  8331 | D:7      | Reached XP level 10. HP: 91/91 MP: 9/9
  8416 | D:8      | Noticed an elephant
  8423 | D:8      | Killed an elephant
  8646 | D:8      | Noticed an elephant
  8652 | D:8      | Killed an elephant
  8653 | D:8      | Reached skill level 14 in Axes
  8695 | D:8      | Found a shimmering blue altar of Sif Muna.
  8698 | D:8      | Noticed a two-headed ogre
  8701 | D:8      | Noticed an elephant
  8712 | D:8      | Killed a two-headed ogre
  8715 | D:8      | Killed an elephant
  8716 | D:8      | Reached skill level 10 in Fighting
  8926 | D:8      | Noticed an elephant
  8935 | D:8      | Killed an elephant
  9061 | D:8      | Reached skill level 15 in Axes
  9877 | D:9      | Noticed a vault sentinel
  9877 | D:9      | Noticed a vault sentinel
  9893 | D:9      | Killed a vault sentinel
  9893 | D:9      | Killed a vault sentinel
  9894 | D:9      | Reached XP level 11. HP: 101/101 MP: 10/10
 10060 | D:9      | Found the +18 shield of the Gong {rElec rN+ Will+ EV-5}
 10134 | D:9      | Found a radiant altar of Vehumet.
 10168 | D:9      | Found a basalt altar of Yredelemnul.
 10332 | D:9      | Found a sacrificial altar of Ru.
 11037 | D:10     | Entered Level 10 of the Dungeon
 11062 | D:10     | Reached ***** piety under Trog
 11165 | D:10     | Noticed Psyche
 11176 | D:10     | Killed Psyche
 11177 | D:10     | Reached skill level 1 in Shields
 11295 | D:10     | Found a sparkling altar of Nemelex Xobeh.
 11295 | D:10     | Found a transporter.
 11296 | D:10     | Noticed a deep elf zephyrmancer
 11297 | D:10     | Noticed a tengu warrior
 11394 | D:10     | Found a snail-covered altar of Cheibriados.
 11394 | D:10     | Found Cheibriados's Comfort Zone.
 11402 | D:10     | Found Xinugh's Antique Armour Shop.
 11409 | D:10     | Bought a pair of embroidered gloves for 150 gold pieces
 11882 | D:11     | Reached skill level 16 in Axes
 12015 | D:11     | Found a staircase to the Lair.
 12642 | Lair:1   | Entered Level 1 of the Lair of Beasts
 12642 | Lair:1   | Noticed Gastronok
 12654 | Lair:1   | Killed Gastronok
 12658 | Lair:1   | Noticed Amaemon
 12671 | Lair:1   | HP: 1/104 [poisoned by Amaemon]
 12671 | Lair:1   | Slain by a scorpion

Illustrated notes

Levels and vault maps discovered:
D:1:      minmay_arrival_diagonal_passages, layout_loops_ring,
          serial_bayou_crossing
D:2:      minmay_spotlight, layout_loops_ring, minmay_misc_feat_chi,
          minmay_tetromino_s2
D:3:      layout_loops_ring, overflow_temple_1_default,
          nicolae_ashenzari_skybound, uniq_grinder
D:4:      layout_basic, cheibrodos_worm_habitat, zin_angel,
          overflow_temple_1_default, serial_shops, nicolae_square_shop,
          minivault_1, serial_bayou_pond_c, uniq_eustachio, uniq_pargi,
          uniq_blork_the_orc
D:5:      layout_cave_pools, cheibrodos_sewer_entry_sluice,
          chequers_serial_rivers_small_3, minmay_misc_feat_cross,
          small_statue_intersection, chequers_serial_rivers_micro_a,
          kennysheep_generic_room_12
D:6:      layout_basic, minmay_temple_entry_large_hall, uniq_sigmund,
          uniq_pikel, uniq_crazy_yiuf_cottage
D:7:      layout_loops_ring, lightli_temple_of_fire, gammafunk_ghost_split,
          uniq_maggie
D:8:      wad_woods_stonehenge, layout_basic, kennysheep_small_square
D:9:      layout_loops_ring, mainiacjoe_overflow_concentric_impassable,
          nicolae_yredelemnul_corpse_copse, mainiacjoe_overflow_catwalk,
          hellmonk_guarded_unrand_gong
D:10:     layout_basic, grunt_nemelex_the_gamble, serial_shops, shop_fountains,
          minmay_shop_chei, chequers_serial_rivers_room_a, uniq_psyche
D:11:     layout_loops_ring, david_lair_generic
Lair:1:   gammafunk_boulding_lane, layout_gridlike, gammafunk_ghost_arena,
          lemuel_fruit_fields, uniq_gastronok, uniq_amaemon

Skill      XL: |  1  2  3  4  5  6  7  8  9 10 11 |
---------------+----------------------------------+-----
Axes           | 4 5 6 7 9 10 13 15 16 | 16.3
Fighting       | 4 5 6 7 9 10 11 | 11.7
Armour         | 3 |  3.1
Dodging        | 3 4 6 7 8 9 |  9.7
Shields        | 4 |  4.7

Action                   |  1- 3 |  4- 6 |  7- 9 | 10-12 || total
-------------------------+-------+-------+-------+-------++-------
Melee: Hand axe          |    82 |    64 |       |       ||   146
       Headbutt          |    11 |    14 |    34 |    59 ||   118
       Broad axe         |       |     7 |   173 |       ||   180
       Punch             |       |       |     1 |     1 ||     2
       War axe           |       |       |    70 |   255 ||   325
Invok: Berserk           |     1 |     1 |     9 |    10 ||    21
       Trog's Hand       |       |       |     1 |       ||     1
       Brothers in Arms  |       |       |     1 |       ||     1
  Use: Scroll            |       |       |       |    10 ||    10
 Stab: Sleeping          |     2 |       |     1 |       ||     3
       Distracted        |       |       |     1 |       ||     1
Armor: Animal skin       |     9 |     8 |    47 |       ||    64
       Steam dragon scal |       |       |    28 |    59 ||    87
Dodge: Dodged            |    50 |    39 |   185 |   119 ||   393
Block: Kite shield       |       |       |       |   120 ||   120
